 Dungeon Crawl Stone Soup version 0.22-a0-538-g76cc104 (webtiles) character file.

72 iamserjio the Sneak (level 4, -5/38 HPs)
             Began as a Gnoll Assassin on June 23, 2018.
             Slain by a gnoll
             ... wielding a +0 spear
              (6 damage)
             ... on level 4 of the Dungeon.
             The game lasted 00:05:04 (433 turns).

iamserjio the Sneak (Gnoll Assassin)                 Turns: 433, Time: 00:05:04

Health: -5/38      AC: 11    Str: 13    XL:     4   Next: 26%
Magic:  4/5        EV: 12    Int: 19    God:
Gold:   50         SH:  0    Dex: 17    Spells: 5/5 levels left

rFire    . . .     SeeInvis .   b - +0 blowgun
rCold    . . .     Gourm    .   (no shield)
rNeg     . . .     Faith    .   h - +3 ring mail
rPois    .         Spirit   .   (no helmet)
rElec    .         Reflect  .   d - +0 cloak
rCorr    .         Harm     .   (no gloves)
MR       .....                  j - +1 pair of boots
Stlth    +++.......             (no amulet)
HPRegen  0.12/turn              (no ring)
MPRegen  0.09/turn              (no ring)

@: brilliant
A: distributed training, fangs 1, strong nose
a: no special abilities


You were on level 4 of the Dungeon.
You were not hungry.

You visited 1 branch of the dungeon, and saw 4 of its levels.

You collected 50 gold pieces.

Inventory:

Hand Weapons
 a - a +2 dagger
 b - a +0 blowgun (weapon)
Missiles
 e - 7 poisoned needles (quivered)
 n - 14 arrows
Armour
 c - a +0 robe
 d - a +0 cloak (worn)
 h - a +3 ring mail (worn)
 j - a +1 pair of boots (worn)
Jewellery
 o - a cursed amulet of inaccuracy {unknown}
Scrolls
 l - 3 scrolls of amnesia
Comestibles
 g - 3 rations


   Skills:
 + Level 4.6 Fighting
 + Level 4.6 Short Blades
 + Level 1.0 Long Blades
 + Level 1.0 Axes
 + Level 1.0 Maces & Flails
 + Level 1.0 Polearms
 + Level 1.0 Staves
 + Level 1.0 Slings
 + Level 1.0 Bows
 + Level 1.0 Crossbows
 + Level 4.6 Throwing
 + Level 1.0 Armour
 + Level 2.7 Dodging
 + Level 7.8 Stealth
 + Level 1.0 Shields
 + Level 1.0 Unarmed Combat
 + Level 1.0 Spellcasting
 + Level 0.8 Conjurations
 + Level 0.8 Hexes
 + Level 0.8 Charms
 + Level 0.8 Summonings
 + Level 0.8 Necromancy
 + Level 0.8 Translocations
 + Level 0.8 Transmutations
 + Level 0.8 Fire Magic
 + Level 0.8 Ice Magic
 + Level 0.8 Air Magic
 + Level 0.8 Earth Magic
 + Level 0.8 Poison Magic
 + Level 1.1 Invocations
 + Level 1.0 Evocations


You had 5 spell levels left.
You didn't know any spells.
Your spell library was empty.

Dungeon Overview and Level Annotations

Branches:
Dungeon (4/15)
 Temple: D:4-7

Altars:


Innate Abilities, Weirdness & Mutations

Your experience applies equally to all skills.
You have very sharp teeth.
Your uncanny sense of smell can sniff out nearby items.


Message History

The gnoll barely misses you.
Firing (i - inventory. (/) - cycle)
f - a curare-tipped needle (quivered)
{!f}
Press: ? - help, Shift-Dir - straight line, f/p - gnoll
Aim: a gnoll, wielding a spear (fast) Really fire
f - a curare-tipped needle {!f}?
You shoot a curare-tipped needle {!f}.
The curare-tipped needle {!f} hits the gnoll.
The gnoll looks as sick as possible!
The gnoll convulses.
You kill the gnoll!
The gnoll hits you from afar with a spear.
* * * LOW HITPOINT WARNING * * *
Firing (i - inventory)
e - 8 poisoned needles (quivered)
Press: ? - help, Shift-Dir - straight line, f/p - gnoll
Aim: a gnoll, wielding a spear (fast)
You shoot a poisoned needle. The poisoned needle hits the gnoll!
The gnoll is poisoned.
The gnoll hits you from afar with a spear.
* * * LOW HITPOINT WARNING * * *
The gnoll hits you from afar with a spear.
You die...

##.#..g#.#.#.#
#..##g.gg.....
##g#####..##### #g.# #..#
#g## #... ##(# .....
#.g#### .... ##.#...###
... #..#@.†..## ...
##.#.......#
.......####..#.......##
.........##.#.........#
#...........#.........#
###.....................#
..(..?......#...........#
............#.#.#........
............#............


You could see 3 gnolls.

Vanquished Creatures
  A gnoll shaman (D:4)
  An adder (D:2)
  2 gnolls (D:4)
  A worm (D:2)
  A giant cockroach (D:2)
  2 goblins
  A quokka (D:3)
  2 bats (D:2)
  2 frilled lizards
  3 rats
16 creatures vanquished.

Notes
Turn   | Place    | Note
-------+----------+-------------------------------------------
     0 | D:1      | iamserjio the Gnoll Assassin began the quest for the Orb.
     0 | D:1      | Reached XP level 1. HP: 20/20 MP: 1/1
    49 | D:2      | Reached XP level 2. HP: 21/26 MP: 2/2
   200 | D:3      | Reached XP level 3. HP: 21/31 MP: 3/3
   418 | D:4      | Reached skill level 1 in Invocations
   425 | D:4      | Reached skill level 1 in Long Blades
   425 | D:4      | Reached skill level 1 in Axes
   425 | D:4      | Reached skill level 1 in Maces & Flails
   425 | D:4      | Reached skill level 1 in Polearms
   425 | D:4      | Reached skill level 1 in Staves
   425 | D:4      | Reached skill level 1 in Slings
   425 | D:4      | Reached skill level 1 in Bows
   425 | D:4      | Reached skill level 1 in Crossbows
   425 | D:4      | Reached skill level 1 in Armour
   425 | D:4      | Reached skill level 1 in Shields
   425 | D:4      | Reached skill level 1 in Unarmed Combat
   425 | D:4      | Reached skill level 1 in Spellcasting
   425 | D:4      | Reached skill level 1 in Evocations
   425 | D:4      | Reached XP level 4. HP: 3/38 MP: 3/5
   432 | D:4      | HP: 1/38 [gnoll/spear (1)]
   433 | D:4      | Slain by a gnoll

Vault maps used:
D:1:      evilmike_arrival_hilbert_curve
D:2:      nicolae_overflow_crystal_walls, st_stairs_11
D:4:      first_ration, serial_glass, glass_columns_c, glass_columns_a,
          glass_columns_c, glass_columns_a, glass_columns_a, glass_columns_a

Skill      XL: |  1  2  3 |
---------------+----------+-----
Invocations    | 1 |  1.1
Long Blades    | 1 |  1.0
Axes           | 1 |  1.0
Maces & Flails | 1 |  1.0
Polearms       | 1 |  1.0
Staves         | 1 |  1.0
Slings         | 1 |  1.0
Bows           | 1 |  1.0
Crossbows      | 1 |  1.0
Armour         | 1 |  1.0
Shields        | 1 |  1.0
Unarmed Combat | 1 |  1.0
Spellcasting   | 1 |  1.0
Evocations     | 1 |  1.0
Fighting       | |  4.6
Short Blades   | |  4.6
Throwing       | |  4.6
Dodging        | |  2.7
Stealth        | |  7.8
Conjurations   | |  0.8
Hexes          | |  0.8
Charms         | |  0.8
Summonings     | |  0.8
Necromancy     | |  0.8
Translocations | |  0.8
Transmutations | |  0.8
Fire Magic     | |  0.8
Ice Magic      | |  0.8
Air Magic      | |  0.8
Earth Magic    | |  0.8
Poison Magic   | |  0.8

Action                   |  1- 3 |  4- 6 || total
-------------------------+-------+-------++-------
Melee: Dagger            |    73 |     1 ||    74
       Bite              |     7 |       ||     7
       Punch             |     1 |       ||     1
 Fire: Blowgun           |       |     3 ||     3
  Use: Potion            |     2 |       ||     2
       Scroll            |     1 |       ||     1
 Stab: Sleeping          |     3 |       ||     3
Armor: Robe              |     9 |       ||     9
       Ring mail         |    19 |     1 ||    20
Dodge: Dodged            |    49 |     4 ||    53

Table legend:
 A = Spawn XP
 B = Non-spawn XP
 C = Spawn XP percentage of total XP
 D = Spawn monster count
 E = Non-spawn monster count
 F = Spawn count percentage of total count
 G = Total turns spent on level
                    A         B        C        D         E        F      G
               +---------+---------+-------+---------+---------+-------+---------
         Total |       0 |     104 |   0.0 |       0 |      16 |   0.0 |   433
               +---------+---------+-------+---------+---------+-------+---------
           D:1 |       0 |       3 |   0.0 |       0 |       3 |   0.0 |    39
           D:2 |       0 |      26 |   0.0 |       0 |       6 |   0.0 |   135
           D:3 |       0 |       5 |   0.0 |       0 |       3 |   0.0 |    32
           D:4 |       0 |      70 |   0.0 |       0 |       4 |   0.0 |   227
               +---------+---------+-------+---------+---------+-------+---------
